 Dungeon Crawl Stone Soup version 0.22-a0-412-g2b68d14 (webtiles) character file.

616 Borgoz the Skirmisher (level 7, 0/44 HPs)
             Began as a Gargoyle Abyssal Knight on May 12, 2018.
             Was a Priest of Lugonu.
             Slain by SakhabievAskhat's ghost (1 damage)
             ... on level 4 of the Dungeon.
             The game lasted 00:11:15 (4544 turns).

Borgoz the Skirmisher (Gargoyle Abyssal Knight)     Turns: 4544, Time: 00:11:15

Health: 0/44       AC:  9    Str: 15    XL:     7   Next: 45%
Magic:  9/9        EV: 12    Int: 13    God:    Lugonu [***...]
Gold:   146        SH:  0    Dex: 11    Spells: 6/6 levels left

rFire    . . .     SeeInvis .   a - +2 hand axe
rCold    . . .     Gourm    .   (no shield)
rNeg     + . .     Faith    .   b - +1 leather armour
rPois    ∞         Spirit   .   (no helmet)
rElec    +         Reflect  .   (no cloak)
rCorr    .         Harm     .   (no gloves)
MR       .....                  (no boots)
Stlth    +.........             (no amulet)
HPRegen  0.14/turn              (no ring)
MPRegen  0.11/turn              (no ring)

@: no status effects
A: negative energy resistance 1, electricity resistance, unbreathing,
petrification resistance, rot immunity, AC +4
a: Depart the Abyss, Bend Space, Banish, Renounce Religion


You were on level 4 of the Dungeon.
You worshipped Lugonu.
Lugonu was most pleased with you.
You were near starving.

You visited 1 branch of the dungeon, and saw 5 of its levels.
You visited the Abyss 1 time.

You collected 146 gold pieces.

Inventory:

Hand Weapons
 a - a +2 hand axe (weapon)
Armour
 b - a +1 leather armour (worn)
Jewellery
 n - an uncursed ring of ice {unknown}
Wands
 d - a wand of flame (24)
Scrolls
 f - a scroll of identify
 h - a scroll of enchant armour
 j - a scroll of amnesia
Potions
 g - a potion of brilliance
Comestibles
 c - 6 rations


   Skills:
 + Level 4.6 Fighting
 * Level 4.5 Axes
 + Level 4.0 Armour
 + Level 2.5 Dodging
 + Level 3.9 Invocations


You had 6 spell levels left.
You didn't know any spells.
Your spell library was empty.

Dungeon Overview and Level Annotations

Branches:
Dungeon (5/15)
 Temple: D:4-7

Altars:
Ashenzari
Fedhas
Hepliaklqana
Ru
Zin
The Shining One

Annotations:
D:4 SakhabievAskhat's ghost, amateur GnTm
D:5 Eustachio


Innate Abilities, Weirdness & Mutations

You are resistant to torment.
Your stone body is resilient. (AC +4)
You are immune to poison.
You resist negative energy. (rN+)
You are resistant to electric shocks. (rElec)
You can survive without breathing.
You are immune to petrification.
You are immune to rotting.


Message History

You hit SakhabievAskhat's ghost but do no damage.
SakhabievAskhat's ghost is heavily damaged.
SakhabievAskhat's ghost hits you.
* * * LOW HITPOINT WARNING * * *
You hit SakhabievAskhat's ghost but do no damage.
SakhabievAskhat's ghost is heavily damaged.
SakhabievAskhat's ghost hits you.
* * * LOW HITPOINT WARNING * * *
You barely miss SakhabievAskhat's ghost.
SakhabievAskhat's ghost is heavily damaged.
SakhabievAskhat's ghost hits you but does no damage.
You closely miss SakhabievAskhat's ghost.
SakhabievAskhat's ghost is heavily damaged.
SakhabievAskhat's ghost closely misses you.
SakhabievAskhat's ghost hits you but does no damage.
You hit SakhabievAskhat's ghost but do no damage.
SakhabievAskhat's ghost is heavily damaged.
SakhabievAskhat's ghost hits you but does no damage.
SakhabievAskhat's ghost hits you.
You die...

.....# #.........#.. .....#
#.........#.. .....#
#.........#.. .....#
#.........### .....# #..........#
##...# ################....#
##...#######........#####.'....#
##........<.....W.......#.#....#
#....#..........@...#..........#
'...##.####.........#.#.#.#....#
..........#.........#.#.#.#....##
#...##.##.#.........#.#.#.#....##
##..##.#............#.#.#......##
#...##.#####........#.#.#####'###
....##....###########.#.# #[# #
..........# #.#.# #.###
###.####..# #.#.# #....


You could see SakhabievAskhat's ghost.

Vanquished Creatures
  Sigmund (D:4)
  Menkaure (D:4)
  A sky beast (D:3)
  A scorpion (D:3)
  4 gnolls
  5 adders
  A white imp (D:4)
  2 oozes
  2 worms
  2 dart slugs
  3 leopard geckos
  5 orcs
  3 giant cockroaches
  9 goblins
  6 hobgoblins
  10 jackals
  A quokka (D:2)
  14 bats
  8 frilled lizards
  A goblin zombie (D:4)
  4 hobgoblin zombies (D:4)
  4 kobolds (D:3)
  5 orc skeletons (D:4)
  An orc zombie (D:4)
  A quokka skeleton (D:4)
  6 rats
101 creatures vanquished.

Notes
Turn   | Place    | Note
-------+----------+-------------------------------------------
     0 | Abyss:1  | Borgoz the Gargoyle Abyssal Knight began the quest for the Orb.
     0 | Abyss:1  | Reached XP level 1. HP: 14/14 MP: 2/2
    88 | Abyss:1  | Noticed a raiju
   100 | Abyss:1  | Noticed a wraith
   101 | D:1      | Escaped the Abyss
   131 | D:1      | Reached * piety under Lugonu
   169 | D:1      | Reached XP level 2. HP: 18/19 MP: 3/3
   188 | D:1      | Reached skill level 1 in Dodging
   350 | D:1      | Reached XP level 3. HP: 22/23 MP: 4/4
  1161 | D:2      | Reached XP level 4. HP: 23/29 MP: 5/5
  1187 | D:2      | Reached ** piety under Lugonu
  1696 | D:3      | Found a transporter.
  1719 | D:3      | Reached XP level 5. HP: 25/33 MP: 7/7
  1788 | D:3      | Noticed a sky beast
  1809 | D:3      | Killed a sky beast
  1809 | D:3      | Reached XP level 6. HP: 4/38 MP: 8/8
  2207 | D:3      | Found a hazy altar of Hepliaklqana.
  2211 | D:3      | Found a sacrificial altar of Ru.
  2238 | D:3      | Found a transporter.
  2275 | D:3      | Found a blossoming altar of Fedhas.
  2282 | D:3      | Found a glowing silver altar of Zin.
  2378 | D:3      | Found a shattered altar of Ashenzari.
  2577 | D:4      | Reached *** piety under Lugonu
  2813 | D:4      | Noticed Menkaure
  3066 | D:4      | Noticed Sigmund
  3100 | D:4      | Killed Sigmund
  3100 | D:4      | Reached XP level 7. HP: 4/44 MP: 9/9
  3421 | D:4      | Killed Menkaure
  3601 | D:4      | Found a glowing golden altar of the Shining One.
  3815 | D:4      | Noticed SakhabievAskhat's ghost (amateur GnTm)
  4405 | D:5      | Entered Level 5 of the Dungeon
  4405 | D:5      | Noticed Eustachio
  4540 | D:4      | HP: 1/44 [SakhabievAskhat's ghost (4)]
  4544 | D:4      | Slain by SakhabievAskhat's ghost

Vault maps used:
D:1:      dpeg_arrival_pond
D:2:      first_ration
D:3:      gammafunk_wand_slinger, marbit_many_paths, grunt_temple_overflow_open,
          amethyst_overflow_temple_binary
D:4:      nicolae_tso_besieged_by_evil, uniq_sigmund, uniq_menkaure
D:5:      tgw_xom, serial_park_tiny_2, uniq_eustachio, uniq_grinder, uniq_pikel

Skill      XL: |  1  2  3  4  5  6  7 |
---------------+----------------------+-----
Axes           | 2 3 4 |  4.5
Dodging        | 1 2 |  2.5
Armour         | 3 4 |  4.0
Fighting       | 4 |  4.6
Invocations    | 3 |  3.9

Action                   |  1- 3 |  4- 6 |  7- 9 || total
-------------------------+-------+-------+-------++-------
Melee: Hand axe          |   113 |   193 |    85 ||   391
Invok: Depart the Abyss  |     1 |       |       ||     1
  Use: Potion            |       |     3 |     6 ||     9
       Scroll            |       |     8 |       ||     8
  Eat: Chunk             |     1 |     6 |       ||     7
       Ration            |       |       |     1 ||     1
Armor: Leather armour    |    74 |   107 |    20 ||   201
       Skin              |       |       |     9 ||     9
Dodge: Dodged            |    98 |   140 |    41 ||   279

Table legend:
 A = Spawn XP
 B = Non-spawn XP
 C = Spawn XP percentage of total XP
 D = Spawn monster count
 E = Non-spawn monster count
 F = Spawn count percentage of total count
 G = Total turns spent on level
                    A         B        C        D         E        F      G
               +---------+---------+-------+---------+---------+-------+---------
         Total |       0 |     880 |   0.0 |       0 |     101 |   0.0 |  4544
               +---------+---------+-------+---------+---------+-------+---------
           D:1 |       0 |      78 |   0.0 |       0 |      30 |   0.0 |  1002
           D:2 |       0 |      66 |   0.0 |       0 |      17 |   0.0 |   590
           D:3 |       0 |     301 |   0.0 |       0 |      34 |   0.0 |  1863
           D:4 |       0 |     435 |   0.0 |       0 |      20 |   0.0 |   986
               +---------+---------+-------+---------+---------+-------+---------
